 Dungeon Crawl Stone Soup version 0.17.1-3-g152610e (webtiles) character file.

13 ololoev the Skirmisher (level 2, 21/24 HPs)
             Began as a Demonspawn Fighter on Feb 18, 2016.
             Was an Initiate of Makhleb.
             Quit the game on level 3 of the Dungeon.
             The game lasted 00:00:52 (162 turns).

ololoev the Skirmisher (Demonspawn Fighter)          Turns: 162, Time: 00:00:52

Health: 21/24      AC:  6    Str: 21    XL:     2   Next: 24%
Magic:  2/2        EV:  7    Int:  9    God:    Makhleb [......]
Gold:   0          SH:  9    Dex: 12    Spells: 0 memorised, 1 level left

rFire  . . .     SeeInvis .     a - +0 war axe
rCold  . . .     Clarity  .     b - +0 scale mail
rNeg   . . .     SustAt   .     c - +0 shield
rPois  .         Gourm    .     (helmet restricted)
rElec  .         Spirit   .     (no cloak)
rCorr  .         Warding  .     (no gloves)
rMut   .         Stasis   .     (no boots)
MR     .....                    (no amulet)
Stlth  ..........               (no ring)
                                (no ring)

@: mighty, not resistant to hostile enchantments, extremely unstealthy
A: horns 1
a: Renounce Religion


Innate Abilities, Weirdness & Mutations

You have a pair of small horns on your head.

Inventory:

Hand Weapons
 a - a +0 war axe (weapon)
Armour
 b - a +0 scale mail (worn)
 c - a +0 shield (worn)
Scrolls
 h - a scroll of identify {unknown}
 i - a scroll of immolation {unknown}
Potions
 f - a potion of heal wounds {unknown}
Comestibles
 e - a bread ration
 g - a meat ration


   Skills:
 - Level 3.0 Fighting
 * Level 2.4 Axes
 + Level 2.9 Armour
 - Level 2.6 Shields


You had one spell level left.
You didn't know any spells.


You were on level 3 of the Dungeon.
You worshipped Makhleb.
Makhleb was noncommittal.
You were not hungry.

You visited 1 branch of the dungeon, and saw 3 of its levels.

#..
#######...#
##..........
##...........
#.$..........
#........>...
#............
#...)r)......
#..<†@o......
##...........
##..........
#########.# #

Notes
Turn   | Place    | Note
--------------------------------------------------------------
     0 | D:1      | ololoev the Demonspawn Fighter began the quest for the Orb.
     0 | D:1      | Reached XP level 1. HP: 18/18 MP: 1/1
   128 | D:2      | Found a burning altar of Makhleb.
   128 | D:2      | Noticed a green death
   136 | D:2      | Noticed a hellwing
   136 | D:2      | Noticed an orange demon
   138 | D:2      | Became a worshipper of Makhleb the Destroyer
   160 | D:3      | Gained mutation: You have a pair of small horns on your head. [demonic ancestry]
   160 | D:3      | Reached XP level 2. HP: 24/24 MP: 2/2
   162 | D:3      | Quit the game

Dungeon Overview and Level Annotations

Branches:
Dungeon (3/15)

Altars:
Makhleb


Message History

The rat is severely wounded.
The rat barely misses you. The rat bites you but does no damage.
Your shield and scale mail prevent you from hitting the rat.
The rat is severely wounded.
The rat bites you but does no damage.
Drink which item? (? for menu, Esc to quit)
You feel very mighty all of a sudden. The rat closely misses you.
The orc hits you but does no damage. You block the rat's attack.
You block the orc's attack. The rat barely misses you.
The rat bites you but does no damage. You block the orc's attack.
The orc hits you but does no damage.
You barely miss the rat.
The rat is severely wounded.
You slash the orc!
You kill the orc!
Makhleb accepts your kill.
You barely miss the rat. You slash the orc!
You kill the orc!
Makhleb accepts your kill.
You have reached level 2!
You feel monstrous as your demonic heritage exerts itself.
Your demonic ancestry asserts itself...
A pair of horns grows on your head!
You closely miss the orc. You block the rat's attack.
You block the rat's attack. The orc hits you but does no damage.
The orc barely misses you. The hobgoblin barely misses you.
The rat bites you but does no damage.
You slash the rat!
You kill the rat!
Makhleb accepts your kill.
You barely miss the orc. You slash the hobgoblin!
You kill the hobgoblin!
Makhleb accepts your kill.
Your scale mail prevents you from hitting the rat.
You slash the orc!
You kill the orc!
Makhleb accepts your kill. The orc hits you but does no damage.
The rat closely misses you. The rat bites you but does no damage.
The orc hits you.
Are you sure you want to abandon this character and quit the game? (Confirm with "yes".)

You could see an orc and a rat.

Vanquished Creatures
  A worm (D:2)
  3 orcs (D:3)
  A hobgoblin (D:3)
  A kobold (D:2)
  2 rats (D:3)
8 creatures vanquished.

Action                   || total
-------------------------++-------
Melee: War axe           ||    11
  Use: Potion            ||     1

Vault maps used:
D:1:      lightli_arrival_maybe_door_vault, minivault_14
D:2:      makhleb_altar_promises_db, lemuel_crystal_altar, ecumenical_altar_1,
          first_bread, nicolae_dithmenos_shadow_blocks, uniq_terence,
          uniq_jessica
